[Event "European Rapid Championship 2021"]
[Site "Katowice"]
[Date "2021.12.19"]
[Round "9.24"]
[White "Molenda, Marcin"]
[Black "Dwilewicz, Katarzyna"]
[Result "1/2-1/2"]
[ECO "A18"]
[WhiteElo "2365"]
[BlackElo "1981"]
[Annotator "NA"]
[PlyCount "66"]
[EventDate "2021.12.18"]
[EventType "swiss"]
[EventCountry "POL"]
[SourceTitle "playchess.com"]
[Source "ChessBase"]
[SourceQuality "1"]
[TimeControl "900+10"]

1. c4 Nf6 2. Nc3 e6 3. e4 d5 4. e5 d4 5. exf6 dxc3 6. bxc3 Qxf6 7. d4 e5 8. Nf3 exd4 9. Bg5 Qe6+ 10. Be2 Be7 11. Bxe7 d3 12. O-O Qxe7 13. Bxd3 O-O 14. Re1 Qf6 15. Ne5 Nc6 16. Nxc6 Qxc6 17. Rb1 Be6 18. Qc2 g6 19. Be4 Qxc4 20. Rxb7 a5 21. a3 Rab8 22. Reb1 Rxb7 23. Rxb7 Rd8 24. h3 Kg7 25. Bf3 Qc5 26. a4 Bf5 27. Qb2 Qe5 28.
c4 Qxb2 29. Rxb2 Rd4 30. Be2 Be6 31. Rb5 Bxc4 32. Bxc4 Rxc4 33. Rxa5 Rc1+ 1/2-1/2

[Event "European Rapid Championship 2021"]
[Site "Katowice"]
[Date "2021.12.19"]
[Round "9.24"]
[White "Krawczyk, Wojciech"]
[Black "Szpar, Milosz"]
[Result "0-1"]
[ECO "E20"]
[WhiteElo "1868"]
[BlackElo "2315"]
[Annotator "NA"]
[PlyCount "86"]
[EventDate "2021.12.18"]
[EventType "swiss"]
[EventCountry "POL"]
[SourceTitle "playchess.com"]
[Source "ChessBase"]
[SourceQuality "1"]
[TimeControl "900+10"]

1. d4 Nf6 2. c4 e6 3. Nc3 Bb4 4. Bd2 O-O 5. Nf3 d5 6. e3 b6 7. a3 Bd6 8. b4 c5 9. bxc5 bxc5 10. cxd5 exd5 11. dxc5 Bxc5 12. Na4 Bd6 13. Bb4 Nc6 14. Bxd6 Qxd6 15. Be2 Bd7 16. O-O Rfd8 17. Nc3 Rac8 18. Nb5 Qe7 19. Qd2 Ne4 20. Qxd5 Bg4 21. Qa2 a6 22. Nbd4 Nxd4 23. Nxd4 Nc3 24. Qb2 Rxd4 25. Bxa6 Rdd8 26. Bxc8 Rxc8 27. Rac1 Qf6 28. f3 Bd7 29. Rc2 Ba4 30. Rcc1 h5 31. Rfe1 h4 32. h3 Rc4 33. e4 Qe5 34. Kh1 Qc7 35. Re3 Nxe4 36. Rxc4 Ng3+ 37. Kg1 Qxc4 38. Qb1 Qd4 39. Qb8+ Kh7 40. Qe5 Qc4 41. Re1 f6 42. Qe3 Bb5 43. Kh2 g5 0-1

[Event "European Rapid Championship 2021"]
[Site "Katowice"]
[Date "2021.12.19"]
[Round "9.25"]
[White "Sharankov, Grigory"]
[Black "Malczyk, Radoslaw"]
[Result "1-0"]
[ECO "E92"]
[WhiteElo "2220"]
[BlackElo "1926"]
[Annotator "NA"]
[PlyCount "123"]
[EventDate "2021.12.18"]
[EventType "swiss"]
[EventCountry "POL"]
[SourceTitle "playchess.com"]
[Source "ChessBase"]
[SourceQuality "1"]
[TimeControl "900+10"]

1. c4 Nf6 2. Nc3 g6 3. e4 d6 4. d4 Bg7 5. Nf3 O-O 6. Be2 e5 7. dxe5 dxe5 8. Qxd8 Rxd8 9. Bg5 Rf8 10. Nd5 Nxd5 11. cxd5 c6 12. Bc4 b5 13. Bb3 Bb7 14. Rc1 Rc8 15. O-O c5 16. Rfd1 c4 17. Bc2 f6 18.
Be3 Bf8 19. g4 g5 20. Nd2 Bc5 21. Nf1 Nd7 22. Ng3 Bxe3 23. fxe3 a5 24. Nf5 Rc5 25. Kf2 Bc8 26. d6 Nf8 27. Kf3 Bxf5 28. exf5 Nd7 29. Be4 Ra7 30. a4 Nb6 31. axb5 Rxb5 32. Bc6 Rxb2 33. d7 Nxd7 34. Bxd7 Rxh2 35. Rxc4 h5 36. gxh5 Rxh5 37. Be6+ Kg7 38. Rd8 Rh3+ 39. Ke2 Rh8 40. Rxh8 Kxh8 41. Ra4 Kg7 42. Kf3 Kh6 43. Kg4 Ra6 44. Bf7 Kg7 45. Ba2 Kh6 46. Rc4 Rb6 47. Rc7 Rb4+ 48. Kg3 g4 49. Bd5 Kg5 50. Rg7+ Kxf5 51. e4+ Rxe4 52. Bxe4+ Kxe4 53.
Rxg4+ Ke3 54. Ra4 f5 55. Rxa5 Ke4 56. Kf2 Kf4 57. Ke2 e4 58. Rb5 Kg4 59. Ke3 Kg5 60.
Rb8 Kg4 61. Rg8+ Kh3 62. Rg5 1-0

[Event "European Rapid Championship 2021"]
[Site "Katowice"]
[Date "2021.12.19"]
[Round "9.25"]
[White "Jedrusik, Adam"]
[Black "Wisniewski, Adrian"]
[Result "1/2-1/2"]
[ECO "A45"]
[WhiteElo "1769"]
[BlackElo "2351"]
[Annotator "NA"]
[PlyCount "96"]
[EventDate "2021.12.18"]
[EventType "swiss"]
[EventCountry "POL"]
[SourceTitle "playchess.com"]
[Source "ChessBase"]
[SourceQuality "1"]
[TimeControl "900+10"]

1. d4 Nf6 2. Bg5 Ne4 3. Bf4 d6 4. f3 Nf6 5. e4 g6 6. c4 Bg7 7. Nc3 O-O 8. Qd2 a6 9. Nge2 Nbd7 10. Bh6 c5 11. Bxg7 Kxg7 12. d5 b5 13. cxb5 Nb6 14. Nc1 axb5 15. Bxb5 Ba6 16. Bxa6 Rxa6 17. O-O Nfd7 18. b3 Qa8 19. N1e2 Kg8 20. f4 Nf6 21. Rfe1 Rc8 22. Rad1 Nfd7 23. Kh1 c4 24. b4 Na4 25. b5 Nxc3 26. Nxc3 Ra3 27. e5 Qa5 28. Rc1 Nc5 29. Rc2 Nd3 30. Re4 Nb4 31. Rb2 Nd3 32. Rc2 Rxc3 33. Rxc3 Nf2+ 34. Qxf2 Qxc3 35. exd6 exd6 36. h3 Qd3 37. Qd4 Qb1+ 38. Kh2 Qxb5 39. Qc3 Qxd5 40. Rd4 Qc5 41. a4 d5 42. f5 Re8 43. Rd1 Rd8 44. Rd4 Qd6+ 45. Kh1 Qe5 46. fxg6 hxg6 47. Rxc4 d4 48. Qd3 Qe1+ 1/2-1/2

[Event "European Rapid Championship 2021"]
[Site "Katowice"]
[Date "2021.12.19"]
[Round "9.26"]
[White "Fus, Jakub"]
[Black "Seemann, Jakub"]
[Result "1/2-1/2"]
[ECO "B20"]
[WhiteElo "2252"]
[BlackElo "1862"]
[Annotator "NA"]
[PlyCount "62"]
[EventDate "2021.12.18"]
[EventType "swiss"]
[EventCountry "POL"]
[SourceTitle "playchess.com"]
[Source "ChessBase"]
[SourceQuality "1"]
[TimeControl "900+10"]

1. e4 c5 2. Be2 Nc6 3. f4 d6 4. Nf3 g6 5. O-O Bg7 6. Na3 Nh6 7. c3 f5 8. d3 O-O 9. Kh1 Nf7 10. exf5 Bxf5 11. d4 cxd4 12. cxd4 d5 13. Be3 Nd6 14. Qb3 e6 15. Nb5 Be4 16. Nxd6 Qxd6 17. Ne5 Ne7 18. Rac1 Nf5 19. Kg1 Qb6 20. Qc3 Nxe3 21. Qxe3 Bxe5 22. fxe5 Qxb2 23. a3 Rac8 24. Rxc8 Rxc8 25. Qf2 Bf5 26. g4 Rc2 27. gxf5 Rxe2 28. Qh4 Re4 29. Qd8+ Kg7 30. f6+ Kh6 31. Qf8+ Kg5
1/2-1/2

[Event "European Rapid Championship 2021"]
[Site "Katowice"]
[Date "2021.12.19"]
[Round "9.26"]
[White "Jazdanovs, Aleksandrs"]
[Black "Golubovskis, Maksims"]
[Result "0-1"]
[ECO "B22"]
[WhiteElo "2089"]
[BlackElo "2210"]
[Annotator "NA"]
[PlyCount "36"]
[EventDate "2021.12.18"]
[EventType "swiss"]
[EventCountry "POL"]
[SourceTitle "playchess.com"]
[Source "ChessBase"]
[SourceQuality "1"]
[TimeControl "900+10"]

1. e4 c5 2. c3 Qa5 3. Nf3 g6 4. Bc4 Bg7 5. O-O Nh6 6. d4 O-O 7. Bg5 cxd4 8.
Qc1 Ng4 9. Bxe7 Re8 10. Bb4 Qh5 11. Qf4 Nh6 12. Ng5 Be5 13.
Bxf7+ Kg7 14. Bf8+ Kh8 15. Bxe8 Bxf4 16. g3 Bxg5 17.
Bxh6 Bxh6 18. cxd4 Nc6 0-1

[Event "European Rapid Championship 2021"]
[Site "Katowice"]
[Date "2021.12.19"]
[Round "9.27"]
[White "Diermair, Andreas"]
[Black "Solys, Laimutis"]
[Result "0-1"]
[ECO "D31"]
[WhiteElo "2408"]
[BlackElo "2300"]
[Annotator "NA"]
[PlyCount "136"]
[EventDate "2021.12.18"]
[EventType "swiss"]
[EventCountry "POL"]
[SourceTitle "playchess.com"]
[Source "ChessBase"]
[SourceQuality "1"]
[TimeControl "900+10"]

1. d4 d5 2. c4 e6 3. Nc3 dxc4 4. e4 c5 5. d5 Nf6 6. Bxc4 exd5 7. exd5 Bd6 8.
Nf3 O-O 9. O-O a6 10. a4 Bg4 11. h3 Bh5 12. Bg5 Re8 13. g4 Bg6
14. Qb3 Nbd7 15. Rfe1 Qc7 16. Kg2 Ne4 17. Nxe4 Bxe4 18. Kg1 Bxf3 19. Qxf3 Ne5 20. Qe4 h6 21. Be3 Ng6 22. Qd3 Qd8 23. Bd2 Qf6 24. Re4 Rxe4 25. Qxe4 Qxb2 26. Rd1 Kf8 27. Bc1 Qc3 28. Qd3 Qe5 29. Qg3 Qf6 30. f4 Nxf4 31. Qf3 Re8 32. Bxf4 Bxf4 33. d6 Re3 34. Qf1 Rg3+ 35.
Kh1 Qh4 36. Rd3 Rxd3 37.
Qxd3 Qf2 38. Qe2 Qxe2 39. Bxe2 Bxd6 40. Kg2 Ke7 41. Kf3 Bh2 42. Ke4 Kd6 43. Bc4 Bg3
44. a5 Be1 45. Bd5 Bxa5 46. Bxb7 Be1 47. Bxa6 Ke6 48. Bc4+ Kf6 49. Bb3 Kg5 50. Kf3 f6 51. Bc4 g6 52. Bd3 f5 53.
gxf5 gxf5 54. Bc4 Kf6 55. Ke3 Ke5 56. Ba6 Bh4 57.
Kf3 Bg5 58. Bd3 Bc1 59. Ke2 f4 60. Kf3 Kd4 61. Bg6 c4 62.
Ke2 Ba3 63. Bh7 Bd6 64. Bg6 Kc3 65. Bf5 Kb2 66. Kd1 c3 67.
Be4 Bc5 68. Bd3 f3 0-1

[Event "European Rapid Championship 2021"]
[Site "Katowice"]
[Date "2021.12.19"]
[Round "9.27"]
[White "Parol, Pawel"]
[Black "Flasinski, Michal"]
[Result "1/2-1/2"]
[ECO "D11"]
[WhiteElo "2146"]
[BlackElo "2195"]
[Annotator "NA"]
[PlyCount "116"]
[EventDate "2021.12.18"]
[EventType "swiss"]
[EventCountry "POL"]
[SourceTitle "playchess.com"]
[Source "ChessBase"]
[SourceQuality "1"]
[TimeControl "900+10"]

1. d4 d5 2. c4 c6 3. Nf3 Nf6 4. e3 Bg4 5. Qb3 Qb6 6. c5 Qc7 7. Ne5 Nbd7 8. Nxg4 Nxg4 9. Be2 Ngf6 10.
Nc3 e5 11. O-O Be7 12. Bd2 O-O 13. Qc2 Ne8 14. b4 Bf6 15. Qd3 g6 16. f4 exd4 17. exd4 Ng7 18. Bg4 Rae8 19. f5 g5 20. h4 h6 21. hxg5 hxg5 22. Rf3 Re7 23. Rh3 Ne8 24. Kf2 Bg7 25. f6 Ndxf6 26. Bf5 g4 27.
Rh4 g3+ 28. Kg1 Re4 29. Nxe4 dxe4 30. Bxe4 Nxe4 31. Qxe4 f5 32. Qe6+ Qf7 33. Re1 Nc7 34. Qxf7+ Kxf7 35. Bc3 Nd5 36. Bb2 Nxb4 37. Re3 Nd5 38. Rxg3 f4 39. Rgg4 Re8 40. Rh7 Rg8 41. Kf2 Nf6 42. Rhxg7+ Rxg7 43. Rxf4 Rg4 44. Kf3 Rxf4+ 45. Kxf4
Nd5+ 46. Ke5 Ne3 47. Bc3 Nxg2 48. Kd6 Ne3 49. Kc7 Nd5+ 50. Kxb7 Nxc3 51. Kxc6 Nxa2 52. Kb7 Nb4 53. c6 Nxc6 54. Kxc6 Ke7 55. d5 Kd8 56. d6 a5 57. Kb5 Kd7 58. Kxa5 Kxd6 1/2-1/2

[Event "European Rapid Championship 2021"]
[Site "Katowice"]
[Date "2021.12.19"]
[Round "9.28"]
[White "Kjartansson, Gudmundur"]
[Black "Liodakis, Konstantinos-Spyros"]
[Result "1-0"]
[ECO "E71"]
[WhiteElo "2402"]
[BlackElo "2114"]
[Annotator "NA"]
[PlyCount "77"]
[EventDate "2021.12.18"]
[EventType "swiss"]
[EventCountry "POL"]
[SourceTitle "playchess.com"]
[Source "ChessBase"]
[SourceQuality "1"]
[TimeControl "900+10"]

1. c4 Nf6 2. Nc3 g6 3. e4 d6 4. d4 Bg7 5. h3 O-O 6. Be3 e5 7. d5 Nh5 8. Be2 Nf4 9. Bf3 g5 10. g3 Ng6 11. Qd2 h6 12. h4 g4 13. Be2 h5 14. f3 f5 15. exf5 Bxf5 16. fxg4 hxg4 17. O-O-O Na6 18. Rf1 Qd7 19. h5 Ne7 20. h6 Bf6 21. Bg5 Nc5 22. Rh4 Ng6 23. Bxf6 Rxf6 24. Rxg4 Raf8 25. Qg5 Kh7 26. b4 Bxg4 27. Rxf6 Rxf6 28. Qxf6 Bxe2 29. Ngxe2 Nd3+ 30. Kd2 Nxb4 31. Ne4 Qe7 32. Qf5 Kxh6 33. g4 Qf8 34. g5+ Kg7 35. Nf6 Qf7 36. Ng3 Na6 37. Ngh5+ Kh8 38. Qc8+ Nf8 39. g6 1-0

[Event "European Rapid Championship 2021"]
[Site "Katowice"]
[Date "2021.12.19"]
[Round "9.28"]
[White "Redzisz, Michal"]
[Black "Rudnicki, Milosz"]
[Result "1-0"]
[ECO "E46"]
[WhiteElo "2257"]
[BlackElo "2200"]
[Annotator "NA"]
[PlyCount "123"]
[EventDate "2021.12.18"]
[EventType "swiss"]
[EventCountry "POL"]
[SourceTitle "playchess.com"]
[Source "ChessBase"]
[SourceQuality "1"]
[TimeControl "900+10"]

1. d4 Nf6 2. c4 e6 3. Nc3 Bb4 4. e3 O-O 5. Nge2 d5 6. a3 Be7 7. cxd5 exd5 8.
Nf4 c6 9. Bd3 Re8 10. O-O Nbd7 11. f3 Nf8 12. Qc2 Ne6 13. b4 Nxf4 14. exf4 a5 15. b5 c5 16. dxc5 Bxc5+ 17. Kh1 b6 18. Na4 Bd4 19. Bb2 Bxb2 20. Qxb2 Bb7 21. Qd4 Nd7 22. Bf5 Rb8 23. Rad1 Ba8 24. Bxd7 Qxd7 25. Nxb6 Qxb5 26. Nxa8 Rxa8 27. Qxd5 Qa4 28.
Qd6 Re6 29. Qc5 Qxf4 30. Qxa5 Qb8 31. Qb4 Rb6 32. Qe7 Re6 33. Qb4 Rb6 34. Qe7 Re6 35. Qc5 Rea6 36. Rd3 Ra5 37. Qb4 Qa7 38. Rfd1 h6 39. Rd8+ Kh7 40. Qe4+ f5 41. Qxa8
Qxa8 42. Rxa8 Rxa8 43. Ra1 Ra4 44. Kg1 Kg6 45. Kf2 Kf6 46. Ke3 Ke5 47. Ra2 g5 48. Kd3 g4 49. fxg4 fxg4 50.
Kc3 Kd5 51. Kb3 Ra8 52. a4 Kc5 53. a5 Ra6 54. Kc3 h5 55.
g3 h4 56. gxh4 Kb5 57. Kd4 Kb4 58. Rb2+ Ka4 59. Ke4 Rh6 60. a6 Ka3 61. a7 Ra6 62. Rb7 1-0

[Event "European Rapid Championship 2021"]
[Site "Katowice"]
[Date "2021.12.19"]
[Round "9.29"]
[White "Stanisz, Patryk"]
[Black "Wiewiora, Eneasz"]
[Result "1-0"]
[ECO "D37"]
[WhiteElo "2125"]
[BlackElo "2333"]
[Annotator "NA"]
[PlyCount "72"]
[EventDate "2021.12.18"]
[EventType "swiss"]
[EventCountry "POL"]
[SourceTitle "playchess.com"]
[Source "ChessBase"]
[SourceQuality "1"]
[TimeControl "900+10"]

1. Nf3 Nf6 2. d4 d5 3. c4 e6 4. Nc3 a6 5. cxd5 exd5 6. Bf4 Bd6 7. g3 O-O 8. Bg2 Bxf4 9. gxf4 c6 10. Ne5 Bf5 11. e3 Ne8 12. Qh5 Nd6 13.
Qe2 Re8 14. Bf3 f6 15. Nd3 Nd7 16. Bg4 Qe7 17. O-O-O a5 18. Kb1 a4 19. Bxf5 Nxf5 20. Qc2 a3 21. b3 Qe6 22. Rhg1 Re7 23. Ne2 b6 24. Ng3 Nxg3 25. Rxg3 Rc8 26. Nb4 c5 27. dxc5 Rxc5 28. Qd3 Qe4 29. Qxe4 dxe4 30. Nc2 Ra5 31. Nd4 Rd5 32. Rc1 Nc5 33. b4 Nd3 34. Rc8+ Kf7 35. f5 g5 36. h4 Nxf2 1-0

[Event "European Rapid Championship 2021"]
[Site "Katowice"]
[Date "2021.12.19"]
[Round "9.29"]
[White "Kolesnikovs, Ivans"]
[Black "Sliwicka, Alicja"]
[Result "0-1"]
[ECO "A56"]
[WhiteElo "1962"]
[BlackElo "2303"]
[Annotator "NA"]
[PlyCount "54"]
[EventDate "2021.12.18"]
[EventType "swiss"]
[EventCountry "POL"]
[SourceTitle "playchess.com"]
[Source "ChessBase"]
[SourceQuality "1"]
[TimeControl "900+10"]

1. d4 Nf6 2. c4 c5 3. Nf3 cxd4 4. Nxd4 e5 5. Nb5 d5 6. cxd5 Bc5 7. e3 O-O 8. N5c3 e4 9. Be2 Bf5 10. a3 Nbd7 11. b4 Bd6 12. Bb2 a6 13.
Nd2 Ne5 14. Nc4 Nxc4 15. Bxc4 Nd7 16. g4 Ne5 17. Be2 Bg6 18.
h4 h6 19. Qd4 Rc8 20. h5 Bh7 21. Nxe4 Rc4 22. Nxd6 Rxd4 23. exd4 Nd3+ 24. Bxd3 Bxd3 25. Nf5 Bxf5 26. gxf5 Re8+ 27. Kf1 Qxd5 0-1

[Event "European Rapid Championship 2021"]
[Site "Katowice"]
[Date "2021.12.19"]
[Round "9.30"]
[White "Nasuta, Grzegorz"]
[Black "Karpus, Michal"]
[Result "1-0"]
[ECO "C45"]
[WhiteElo "2345"]
[BlackElo "2185"]
[Annotator "NA"]
[PlyCount "91"]
[EventDate "2021.12.18"]
[EventType "swiss"]
[EventCountry "POL"]
[SourceTitle "playchess.com"]
[Source "ChessBase"]
[SourceQuality "1"]
[TimeControl "900+10"]

1. e4 e5 2. Nf3 Nc6 3. d4 exd4 4. Nxd4 Bc5 5. Nb3 Bb6 6.
Nc3 Nf6 7. Bg5 h6 8. Bh4 d6 9. Bb5 a6 10. Bxc6+ bxc6 11. Qe2 O-O 12. O-O-O Qe7 13. f3 Qe5 14. g4 d5 15. Bxf6 Qxf6 16. exd5 Bb7 17. Kb1 Rfe8 18. Qg2 Rad8 19. Ne4 Qg6 20. Nbc5 Bc8 21. Nd3 cxd5 22. Nf4 Qc6 23. Nc3 d4 24. Ne4 d3 25. Rxd3 Rxd3 26. Nxd3 f5 27. gxf5 Bxf5 28. Re1 Kh8 29. Qg3 Qd5 30. Qf4 Bg6 31. Qg3 Bf7 32. Nc3 Rxe1+ 33. Qxe1 Qxf3 34. Ne5 Qf5 35. Nxf7+ Qxf7 36. a3 Ba5 37. b4 Bb6 38. Qe4 Qf1+ 39. Kb2 Qf2 40. Qe8+ Kh7 41. Qe4+ Kh8 42. Nd5 Qxh2 43. Qe8+ Kh7 44. Qe4+ Kh8 45. Ne7 Qd6 46. Qa8+ 1-0

[Event "European Rapid Championship 2021"]
[Site "Katowice"]
[Date "2021.12.19"]
[Round "9.30"]
[White "Musial, Tomasz"]
[Black "Chojnacki, Slawomir"]
[Result "1-0"]
[ECO "D30"]
[WhiteElo "1916"]
[BlackElo "2165"]
[Annotator "NA"]
[PlyCount "63"]
[EventDate "2021.12.18"]
[EventType "swiss"]
[EventCountry "POL"]
[SourceTitle "playchess.com"]
[Source "ChessBase"]
[SourceQuality "1"]
[TimeControl "900+10"]

1. d4 d5 2. c4 e6 3. Nf3 Nf6 4. g3 b6 5. cxd5 Nxd5 6. Bg2 Bb7 7. O-O Be7 8. Ne5 O-O 9. e4 Nf6 10. Nc3 Nbd7 11. Nc4 Bb4 12. Re1 b5 13. Nd2 a6 14. a3 Ba5 15. e5 Bxg2 16. exf6 Bb7 17. fxg7 Re8 18. Nde4 f5 19. Ng5 Nf6 20. b4 Bb6 21. Nxe6 Rxe6 22. Rxe6 Bxd4 23. Qb3 Kxg7 24. Bg5 Bxf2+ 25. Kxf2 Ng4+ 26. Ke1 Qxg5 27. Rd1 Nxh2 28. Ne2 Rd8 29. Qc3+ Kg8 30. Qxc7 Rxd1+ 31. Kxd1 Qh5 32. Re7 1-0

[Event "European Rapid Championship 2021"]
[Site "Katowice"]
[Date "2021.12.19"]
[Round "10.1"]
[White "Gretarsson, Helgi Ass"]
[Black "Kacprzak, Kacper"]
[Result "1-0"]
[ECO "A36"]
[WhiteElo "2476"]
[BlackElo "2042"]
[Annotator "ChessBase"]
[PlyCount "71"]
[EventDate "2021.12.18"]
[EventType "swiss"]
[EventCountry "POL"]
[SourceTitle "playchess.com"]
[Source "ChessBase"]
[SourceQuality "1"]
[TimeControl "900+10"]

1. c4 c5 2. g3 Nc6 3. Bg2 g6 4. Nc3 Bg7 5. e3 e6 6. Nge2 Nge7 7. d4 cxd4 8.
exd4 d5 9. cxd5 Nxd5 10. O-O O-O 11. Be3 Nxe3 12. fxe3 Qg5 13. Qd2 Rd8 14. Ne4 Qe7 15. Qc3 Bd7 16. Qc5 Qxc5 17. Nxc5 Rab8 18. Rac1 Be8 19. Rfd1 Rdc8 20. a3 Nd8 21. Kf2 Bc6 22. e4 Bb5 23.
e5 b6 24. Ne4 Bf8 25. N2c3 Bc4 26. Nf6+ Kg7 27. Nd7 Bb3 28. Re1 Rb7 29. Bxb7 Nxb7 30. Nxf8 Kxf8 31. Ne4 Rd8 32. Rc7 Bd5 33. Nf6 Na5 34. Rec1 Bb7 35. b4 Nb3 36. R1c3 1-0

[Event "European Rapid Championship 2021"]
[Site "Katowice"]
[Date "2021.12.19"]
[Round "10.2"]
[White "Krasenkow, Michal"]
[Black "Bernadskiy, Vitaliy"]
[Result "1/2-1/2"]
[ECO "A14"]
[WhiteElo "2576"]
[BlackElo "2616"]
[Annotator "ChessBase"]
[PlyCount "76"]
[EventDate "2021.12.18"]
[EventType "swiss"]
[EventCountry "POL"]
[SourceTitle "playchess.com"]
[Source "ChessBase"]
[SourceQuality "1"]
[TimeControl "900+10"]

1. Nf3 c5 2. c4 Nf6 3. Nc3 e6 4. g3 d5 5. cxd5 Nxd5 6. Bg2 Be7 7. O-O Nc6 8. d4 O-O 9. e4 Ndb4 10. a3 cxd4 11. axb4 dxc3 12. bxc3 Bf6 13. Qb3 Qd3 14. Bb2 Qxe4 15. Rfd1 e5 16. Ng5 Qg6 17. Ne4 Be7 18. b5 Be6 19. Qa4 Nb8 20. Nd6 Bxd6 21. Rxd6 Nd7 22. Qb4 Rab8 23. Be4 Qh5 24. Rxa7 Nf6 25. Bg2 Rbd8 26. Rxd8 Rxd8 27. Qd6 Qd1+ 28. Qxd1 Rxd1+ 29. Bf1 g5 30. Ra1 Rxa1 31. Bxa1 Ne4 32. Bg2 Nc5 33. b6 e4 34. c4 Bxc4 35. Bf6 g4 36. Be7 Nd7 37. Bxe4 Nxb6 38. Bxb7 Bd5 1/2-1/2

[Event "European Rapid Championship 2021"]
[Site "Katowice"]
[Date "2021.12.19"]
[Round "10.2"]
[White "Martinkus, Rolandas"]
[Black "Wieczorek, Oskar"]
[Result "0-1"]
[ECO "A37"]
[WhiteElo "2033"]
[BlackElo "2367"]
[Annotator "NA"]
[PlyCount "66"]
[EventDate "2021.12.18"]
[EventType "swiss"]
[EventCountry "POL"]
[SourceTitle "playchess.com"]
[Source "ChessBase"]
[SourceQuality "1"]
[TimeControl "900+10"]

1. Nf3 c5 2. c4 g6 3. Nc3 Bg7 4. g3 Nc6 5. Bg2 e5 6. d3 Nge7 7. Nd2 d6 8. Nf1 h5 9. Ne3 h4 10. Ned5 Nxd5 11. cxd5 h3 12. Bf1 Ne7 13. e4 Bd7 14. Be2 b5 15. Be3 Nc8 16. a3 a5 17. b4 axb4 18. axb4 Rxa1 19. Qxa1 cxb4 20. Na2 b3 21. Nb4 O-O 22. Bd1 f5 23. Bxb3 Qf6 24. exf5 gxf5 25. f4 Qg6 26. Rg1 exf4 27. Bd4 Re8+ 28. Kd2 Bxd4 29. Qxd4 f3 30. Re1 Rxe1 31. Kxe1 Qe8+ 32. Kd2 Qe2+ 33. Kc3 f2 0-1

[Event "European Rapid Championship 2021"]
[Site "Katowice"]
[Date "2021.12.19"]
[Round "10.3"]
[White "Vetoshko, Volodymyr"]
[Black "Pultinevicius, Paulius"]
[Result "0-1"]
[ECO "B13"]
[WhiteElo "2483"]
[BlackElo "2536"]
[Annotator "ChessBase"]
[PlyCount "120"]
[EventDate "2021.12.18"]
[EventType "swiss"]
[EventCountry "POL"]
[SourceTitle "playchess.com"]
[Source "ChessBase"]
[SourceQuality "1"]
[TimeControl "900+10"]

1. e4 c6 2. d4 d5 3. exd5 cxd5 4. Bd3 Nc6 5. c3 Qc7 6. h3 g6 7. Nf3 Bf5 8. O-O Bxd3 9. Qxd3 Nf6 10. Re1 Bg7 11. Ne5 O-O 12. Bf4 Nh5 13.
Bh2 Bxe5 14. dxe5 Qb6 15. Na3 Rad8 16. Nc2 d4 17. Rad1 dxc3 18. Qxc3 Rxd1 19. Rxd1 Rd8 20. Rxd8+ Qxd8 21. Ne3 Qd7 22. Qb3 Ng7 23. Qd5 Qc8 24. Bf4 h5 25. g4 Ne6 26. Bg3 hxg4 27. hxg4 Nb4 28. Qb5 Nxa2 29. Nd5 Kf8 30. Qa5 Qc4 31. Ne3 Qc1+ 32. Kg2 Qxb2 33. Qxa7 Nc3 34. Qb8+ Kg7 35. Qe8 Qb4 36. Bh4 Qe4+ 37. Kh2 Qxe5+ 38. Bg3 Qc5 39. Qb8 Ne4 40. Qxb7 Nxg3 41. Kxg3 Qe5+ 42. Kg2 Nf4+ 43. Kf3 Nd3 44. Ke2 Nf4+ 45. Kf3 Qf6 46. Kg3 Nd3 47. Qf3 Qa1 48. Kh2 Qe1 49. Ng2 Qf1 50. Kg3 Nc1 51. Nf4 Qg1+ 52. Qg2 Qe1 53. Qd5 e5 54. Ng2 Qc3+ 55. Ne3 Ne2+ 56. Kh2 Qa1 57. Qd1 Qa6 58. Qd5 Qf6 59. Qg2 Qh4+ 60. Qh3 Qxf2+ 0-1

[Event "European Rapid Championship 2021"]
[Site "Katowice"]
[Date "2021.12.19"]
[Round "10.3"]
[White "Woloch, Oskar"]
[Black "Lubczynski, Rafal"]
[Result "1-0"]
[ECO "B07"]
[WhiteElo "2036"]
[BlackElo "2289"]
[Annotator "NA"]
[PlyCount "53"]
[EventDate "2021.12.18"]
[EventType "swiss"]
[EventCountry "POL"]
[SourceTitle "playchess.com"]
[Source "ChessBase"]
[SourceQuality "1"]
[TimeControl "900+10"]

1. e4 d6 2. d4 Nf6 3. Nc3 e5 4. Nge2 Nc6 5. h3 g6 6. Be3 Bg7 7. g4 d5 8. dxe5 Nxe5 9. Bg2 Nc4 10. Bg5 h6 11. Bxf6 Bxf6 12. exd5 Qe7 13. Qd3 Nd6 14. O-O-O Bd7 15. Rhe1 O-O-O 16. Nd4 Qf8 17. Nc6 Re8 18. Nxa7+ Kb8 19. Nc6+ bxc6 20. dxc6 Bc8 21. Nd5 Rxe1 22. Rxe1 Qd8 23. Qb3+ Nb7 24. cxb7 Be6 25. Qa4 Bg5+ 26. f4 Bxf4+ 27. Nxf4 1-0

[Event "European Rapid Championship 2021"]
[Site "Katowice"]
[Date "2021.12.19"]
[Round "10.4"]
[White "Donchenko, Alexander"]
[Black "Keinanen, Toivo"]
[Result "1-0"]
[ECO "A13"]
[WhiteElo "2535"]
[BlackElo "2341"]
[Annotator "ChessBase"]
[PlyCount "115"]
[EventDate "2021.12.18"]
[EventType "swiss"]
[EventCountry "POL"]
[SourceTitle "playchess.com"]
[Source "ChessBase"]
[SourceQuality "1"]
[TimeControl "900+10"]

1. c4 e6 2. g3 d5 3. Bg2 Nf6 4. Nf3 dxc4 5. Qa4+ Bd7 6. Qxc4 c5 7. Ne5 Qc8 8. Qd3 Nc6 9. Nxd7 Nxd7 10. b3 Be7 11. Bb2 O-O 12. Nc3 Rd8 13.
Rc1 Nf6 14. Qb1 Qd7 15. d3 Rac8 16. O-O b6 17. Rfd1 h6 18.
Rd2 Qe8 19. Rcd1 Nd5 20. e3 Nxc3 21. Bxc3 Rd6 22. a3 a5 23. Bb2 Qd7 24. Qc1 Rd8 25. Qc4 Bf8 26. h4 Qc8 27. Rc1 Qd7 28.
Be4 Qa7 29. Rdc2 Ne7 30. d4 cxd4 31. Bxd4 Nf5 32. Bxf5 exf5 33. Qb5 Rd5 34. Qc6 Bxa3 35. Bxb6 Qd7 36. Bxd8 Qxc6 37. Rxc6 Bxc1 38. Rc8 Kh7 39. Rxc1 Rxd8 40. Rc5 Kg6 41. Rxa5 Rb8 42. Ra3 Kf6 43. Kf1 g5 44. hxg5+ hxg5 45. Ke2 Ke5 46. f4+ gxf4 47. gxf4+ Kd5 48. Kd3 Rb5 49. Kc3 Rc5+ 50. Kb4 Rc7 51. Ra5+ Ke4 52. Re5+ Kd3 53. Ka5 Rb7 54. b4 Ra7+ 55. Kb6 Ra8 56. b5 Kc4 57. Rxf5 Rb8+ 58. Ka6 1-0

[Event "European Rapid Championship 2021"]
[Site "Katowice"]
[Date "2021.12.19"]
[Round "10.4"]
[White "Smieszek, Wojciech"]
[Black "Skawinski, Arkadiusz"]
[Result "1-0"]
[ECO "C00"]
[WhiteElo "2033"]
[BlackElo "2367"]
[Annotator "NA"]
[PlyCount "39"]
[EventDate "2021.12.18"]
[EventType "swiss"]
[EventCountry "POL"]
[SourceTitle "playchess.com"]
[Source "ChessBase"]
[SourceQuality "1"]
[TimeControl "900+10"]

1. e4 e6 2. d4 d5 3. Bd3 dxe4 4. Bxe4 Nf6 5. Bf3 c5 6. Ne2 Nc6 7. Be3 cxd4 8. Nxd4 Ne5 9. O-O Nxf3+ 10. Qxf3 a6 11. Nc3 Be7 12. Rad1 Qc7 13. Rfe1 O-O 14. Bf4 Qb6 15. Nf5 exf5 16. Rxe7 Qxb2 17. Bd6 Rd8 18. Ba3 Rxd1+ 19. Qxd1 Qb6 20. Na4 1-0